Get step-by-step instructions on how to execute this build order below. Start the game timer, and the build order will tick by so you can play in parallel with StarCraft on a second screen or mobile device.

Game Time

  0:00

Last Step

  N/A

Next Step

Upcoming Step



Don't want to look back and forth between 2 screens? Try out our Overwolf App, the Spawning Tool Build Advisor to get an in-game overlay with this build!

Complete Build Order

  12  0:00  SCV  
  13  0:12  SCV  
  14  0:16  Supply Depot  
  14  0:24  SCV  
  15  0:38  SCV  
  15  0:40  Barracks  
  16  0:43  Refinery  
  16  0:50  SCV  
  17  0:59  Barracks  
  17  1:02  SCV  
  18  1:14  SCV  
  19  1:27  Orbital Command, Reaper  
  20  1:33  Supply Depot  
  20  1:46  Reaper  
  21  1:52  Refinery  
  21  1:53  SCV  
  22  2:05  SCV, Reaper  
  24  2:17  SCV, Marine  
  26  2:29  SCV  
  27  2:33  Factory  
  27  2:35  Marine  
  27  2:37  Marine  
  28  2:42  SCV  
  30  2:45  Supply Depot  
  30  2:53  Marine  
  31  3:06  Marine  
  31  3:07  SCV  
  31  3:11  Marine  
  32  3:15  Command Center  
  32  3:17  Cyclone  
  33  3:22  Starport  
  33  3:24  Marine  
  34  3:28  SCV  
  34  3:30  Barracks Reactor  
  35  3:35  Supply Depot  
  35  3:40  SCV  
  35  3:46  Marine  
  36  3:49  Factory Tech Lab  
  36  3:54  SCV  
  37  3:58  Starport Tech Lab  
  37  4:04  Marine  
  37  4:07  Siege Tank  
  37  4:09  SCV  
  42  4:11  Marine x2  
  42  4:16  Banshee  
  47  4:26  Marine  
  47  4:27  SCV  
  47  4:29  Marine x2  
  51  4:35  Supply Depot  
  51  4:39  Siege Tank  
  51  4:42  SCV  
  51  4:44  Marine  
  56  4:47  Marine  
  56  4:56  SCV